 Dungeon Crawl Stone Soup version 0.19.4-8-ga85b6b9 (webtiles) character file.

3881 Jynx the Basher (level 10, -6/90 (91) HPs)
             Began as a Minotaur Fighter on Feb 8, 2017.
             Was a Priest of Okawaru.
             Mangled by a gnoll
             ... wielding a +0 flail
              (11 damage)
             ... on level 9 of the Dungeon.
             The game lasted 00:13:19 (8505 turns).

Jynx the Basher (Minotaur Fighter)                  Turns: 8505, Time: 00:13:22

HP:   -6/90 (91)    AC: 10    Str: 22    XL:     10   Next: 0%
MP:   7/9           EV: 10    Int:  8    God:    Okawaru [***...]
Gold: 640           SH:  0    Dex: 12    Spells: 0 memorised, 9 levels left

rFire  . . .     SeeInvis .     C - +0 dire flail
rCold  + . .     Gourm    .     b - +1 scale mail
rNeg   . . .     Faith    .     (shield currently unavailable)
rPois  +         Spirit   .     (helmet restricted)
rElec  .         Reflect  .     (no cloak)
rCorr  .         Harm     .     (no gloves)
MR     .....                    o - +0 pair of boots
Stlth  ..........               (no amulet)
                                (no ring)
                                k - +3 ring of intelligence

@: very slightly contaminated, hasted, very quick
A: retaliatory headbutt, horns 2, cold resistance 1, poison resistance
a: Heroism, Renounce Religion


You were on level 9 of the Dungeon.
You worshipped Okawaru.
Okawaru was most pleased with you.
You were not hungry.

You visited 2 branches of the dungeon, and saw 10 of its levels.

You collected 640 gold pieces.

Inventory:

Hand Weapons
 a - a +1 flail
 C - a +0 dire flail (weapon)
 E - a +2 great mace of draining
Armour
 b - a +1 scale mail (worn)
 c - a +0 shield
 o - a +0 pair of boots (worn)
Jewellery
 k - a +3 ring of intelligence (left hand)
 t - an uncursed amulet of harm
 G - an uncursed ring of wizardry
 H - an uncursed ring of wizardry
Wands
 y - a wand of teleportation (1/9)
 B - a wand of iceblast (7/15)
 I - a wand of polymorph (15/24)
 K - a wand of lightning (6/15)
 L - a wand of polymorph (13/24)
Scrolls
 e - 3 scrolls of magic mapping
 m - 3 scrolls of recharging
 q - 4 scrolls of teleportation
 s - 9 scrolls of remove curse
 A - a scroll of amnesia
Potions
 d - 3 potions of might
 h - 2 potions of agility
 j - 3 potions of curing
 l - a potion of degeneration
 p - 3 potions of lignification
 v - 2 potions of resistance
 w - 2 potions of mutation
 z - a potion of flight
 D - 2 potions of invisibility
 F - a potion of brilliance {unknown}
Books
 u - a book of Changes

   Spells                             Type                      Level
   a - Beastly Appendage              Transmutation                1
   b - Sticks to Snakes               Transmutation                2
   c - Spider Form                    Transmutation/Poison         3
   d - Ice Form                       Ice/Transmutation            4
   e - Blade Hands                    Transmutation                5
 J - a book of Maledictions

   Spells                             Type                      Level
   a - Corona                         Hexes                        1
   b - Ensorcelled Hibernation        Hexes/Ice                    2
   c - Confuse                        Hexes                        3
   d - Tukima's Dance                 Hexes                        3
   e - Dazzling Spray                 Conjuration/Hexes            3
Comestibles
 f - 9 bread rations
 g - a royal jelly
 n - 3 meat rations
 r - 4 beef jerkies
 x - 4 fruits
 M - a slice of pizza
 N - 2 chunks of flesh


   Skills:
 + Level 9.2 Fighting
 * Level 12.2 Maces & Flails
 + Level 9.4 Armour
 - Level 3.6 Shields


You had 9 spell levels left.
You didn't know any spells.

Dungeon Overview and Level Annotations

Branches:
Dungeon (9/15)             Temple (1/1) D:6             Orc (0/2) D:9
   Lair: D:8-11

Altars:
Ashenzari
Cheibriados
Dithmenos
Elyvilon
Fedhas
Gozag
Hepliaklqana
Kikubaaqudgha
Makhleb
Nemelex Xobeh
Okawaru
Qazlal
Ru
Sif Muna
Trog
Uskayaw
Vehumet
Xom
Yredelemnul
Zin
The Shining One


Innate Abilities, Weirdness & Mutations

You reflexively headbutt those who attack you in melee.
You have a pair of horns on your head.
Your flesh is cold resistant. (rC+)
Your system is resistant to poisons. (rPois)


Message History

You have reached level 10!
You see here a flail.
You closely miss something. Something hits you.
* * * LOW HITPOINT WARNING * * *
Something bites you!
* * * LOW HITPOINT WARNING * * *
Something draws strength from your injuries!
You barely miss something.
You feel yourself speed up. Something hits you.
* * * LOW HITPOINT WARNING * * *
Something bites you but does no damage.
You are very lightly contaminated with residual magic.
You feel as though your hastened speed will last longer.
Something hits you!
* * * LOW HITPOINT WARNING * * *
Something bites you.
* * * LOW HITPOINT WARNING * * *
Something draws strength from your injuries!
The gnoll hits you with a flail!
You die...

######..####..##.###
........#...#..#....
#...).)..#.[...##
.....####)...###.... #......
... #⌠..#+##.⌠#..## #......
... #.........#.... .......
..#####.......#.#... #......
#.#...#.......#.....
#......##.#@..+..._...+...+.
#...≈≈gg..#)g.........#..(#.
#..≈≈≈..).#)###.........###.
#..≈≈≈<.g.)..#.........#....
#.≈≈≈≈...#....⌠..#+##.⌠...##
#..≈.....#...####...####.###
#........#.#........#....# #
#......%.....#..#...#..#.# #
#.......≈......#.##.##..#.##.#
#


You could see a gnoll.

Vanquished Creatures
  A hornet (D:7)
  A hippogriff (D:9)
  A wyvern (D:8)
  Eustachio (D:6)
  A hungry ghost (D:7)
  4 orc warriors
  2 sky beasts (D:7)
  A necrophage (D:5)
  A black bear (D:8)
  4 ogres
  2 phantoms (D:4)
  2 ice beasts (D:8)
  A big kobold (D:8)
  5 bullfrogs
  A gnoll sergeant (D:9)
  A scorpion (D:9)
  2 howler monkeys
  3 wights (D:6)
  2 crimson imps
  A centaur skeleton (D:6)
  2 orc priests
  5 hounds
  2 orc wizards
  A bullfrog skeleton (D:5)
  An iguana (D:9)
  7 worker ants
  A killer bee zombie (D:8)
  A worker ant zombie (D:6)
  A howler monkey zombie (D:8)
  2 gnolls (D:9)
  14 adders
  2 shadow imps
  An ooze (D:4)
  2 worms
  6 dart slugs
  8 leopard geckos
  33 orcs
  2 giant cockroaches
  8 goblins
  4 hobgoblins
  13 jackals
  3 quokkas
  3 ball pythons
  7 bats
  2 frilled lizards
  A giant cockroach zombie (D:5)
  16 kobolds
  A leopard gecko skeleton (D:8)
  A quokka skeleton (D:7)
  4 rats
  A plant (D:2)
192 creatures vanquished.

Vanquished Creatures (others)
  An orc (D:9)
1 creature vanquished.

Grand Total: 193 creatures vanquished

Notes
Turn   | Place    | Note
-------+----------+-------------------------------------------
     0 | D:1      | Jynx the Minotaur Fighter began the quest for the Orb.
     0 | D:1      | Reached XP level 1. HP: 19/19 MP: 0/0
   307 | D:1      | Reached XP level 2. HP: 23/27 MP: 1/1
   310 | D:1      | Reached skill level 3 in Maces & Flails
  1182 | D:2      | Reached XP level 3. HP: 13/33 MP: 2/2
  1525 | D:2      | Reached skill level 4 in Maces & Flails
  1553 | D:2      | Reached XP level 4. HP: 40/40 MP: 3/3
  2586 | D:4      | Reached XP level 5. HP: 30/47 MP: 4/4
  2663 | D:4      | Noticed an ogre
  2664 | D:4      | Noticed an ogre
  2847 | D:4      | Found a snail-covered altar of Cheibriados.
  2868 | D:4      | Noticed a phantom
  2893 | D:4      | Killed a phantom
  2893 | D:4      | Reached skill level 5 in Maces & Flails
  2893 | D:4      | Reached skill level 5 in Armour
  3030 | D:4      | Reached skill level 5 in Fighting
  3030 | D:4      | Reached XP level 6. HP: 53/56 MP: 5/5
  3139 | D:4      | Reached skill level 6 in Maces & Flails
  3196 | D:4      | Gained mutation: Your flesh is cold resistant. (rC+) [potion of beneficial mutation]
  3197 | D:4      | Gained mutation: Your system is resistant to poisons. (rPois) [potion of beneficial mutation]
  3332 | D:4      | Reached XP level 7. HP: 57/61 MP: 6/6
  3359 | D:5      | Entered Level 5 of the Dungeon
  3436 | D:5      | Reached skill level 7 in Maces & Flails
  3599 | D:5      | Found a sacrificial altar of Ru.
  3814 | D:6      | Noticed Eustachio
  3828 | D:6      | Killed Eustachio
  3828 | D:6      | Reached skill level 8 in Maces & Flails
  3828 | D:6      | Reached XP level 8. HP: 53/70 MP: 7/7
  4266 | D:6      | Found a staircase to the Ecumenical Temple.
  4279 | Temple   | Entered the Ecumenical Temple
  4449 | Temple   | Became a worshipper of Warmaster Okawaru
  4574 | Temple   | Reached skill level 9 in Maces & Flails
  5365 | D:6      | Reached * piety under Okawaru
  5762 | D:7      | Reached skill level 10 in Maces & Flails
  5782 | D:7      | You fall through a shaft for 2 floors!
  5815 | D:9      | Noticed a hippogriff
  5822 | D:9      | Killed a hippogriff
  5822 | D:9      | Reached XP level 9. HP: 53/80 MP: 8/8
  6188 | D:8      | Reached ** piety under Okawaru
  6625 | D:7      | Reached skill level 11 in Maces & Flails
  7198 | D:7      | Paralysed by a hornet for 2 turns
  8132 | D:9      | Reached skill level 12 in Maces & Flails
  8222 | D:9      | Found a staircase to the Orcish Mines.
  8239 | D:9      | Reached *** piety under Okawaru
  8366 | D:9      | Found a shattered altar of Ashenzari.
  8499 | D:9      | Reached XP level 10. HP: 30/90 MP: 7/9
  8505 | D:9      | Mangled by a gnoll

Skill      XL: |  1  2  3  4  5  6  7  8  9 |
---------------+----------------------------+-----
Maces & Flails | 3 4 5 6 8 10 12 | 12.2
Fighting       | 4 5 6 7 9 |  9.2
Armour         | 4 5 6 7 9 |  9.4
Shields        | |  3.6

Action                   |  1- 3 |  4- 6 |  7- 9 | 10-12 || total
-------------------------+-------+-------+-------+-------++-------
Melee: Flail             |   100 |   127 |    80 |       ||   307
       Headbutt          |     7 |    23 |    55 |       ||    85
       Dire flail        |       |       |   112 |     2 ||   114
       Great mace        |       |       |   121 |       ||   121
Invok: Heroism           |       |       |     5 |       ||     5
  Use: Scroll            |     6 |     8 |     9 |       ||    23
       Potion            |       |     2 |       |     2 ||     4
  Eat: Chunk             |     2 |     6 |    19 |       ||    27
       Beef jerky        |       |       |     1 |       ||     1
Armor: Scale mail        |    72 |    50 |   159 |     1 ||   282
Dodge: Dodged            |    69 |    58 |   129 |       ||   256
